Match 45356738
Unlisted

Match 45356738
End
Engineer Squad
Construct Weapon Support Center
Selects Heavy Weapons
M1919 Machine Gun Team
M1919 Machine Gun Team
Bazooka Squad
Infantry Support Center
M1919 Machine Gun Team
Selects M2HB .50cal Heavy Machine Gun
Selects Assault Carriers
Construct Medical Station
M3 Assault Carrier
Construct Medical Station
M1919 Machine Gun Team
Construct Motor Pool
Selects Exchangeable Parts
M1 Anti-tank Gun Team
M24 Chaffee Light Tank
Survival Training
M1919 Machine Gun Team
M1 Anti-tank Gun Team
M1919 Machine Gun Team
Advanced Logistics
M1 Anti-tank Gun Team
K. Ronaldo
Bego
T.R. Olvadi
Makros
0
0

Comments sign in to comment!

No comments posted yet!